Map: Nightshade LE

Players

antonzoi

  • Race: Zerg Zerg
  • League: Diamond
  • Spawn Location: 5:00

ViBE - Winner!

  • Race: Protoss Protoss
  • League: Diamond
  • Spawn Location: 11:00

VOD

Have the link to the VOD?

Description

Time

  • Played on: Dec. 18, 2019, 7:10 p.m.
  • Length: 18:13
Show
View Real Time Build Order
Export as new Build Order

antonzoi Zerg 

Build Orders: Hatch First 

Get SALT Encoding   

  12  0:01  Drone  
  13  0:08  Drone  
  14  0:20  Overlord  
  14  0:39  Drone  
  14  0:40  Drone x2  
  17  0:51  Drone  
  18  1:01  Drone  
  19  1:04  Hatchery  
  18  1:13  Drone  
  19  1:22  Spawning Pool  
  19  1:23  Drone  
  19  1:34  Drone  
  20  1:43  Hatchery  
  20  1:44  Drone  
  20  2:03  Drone  
  21  2:10  Drone  
  21  2:13  Extractor  
  21  2:21  Queen  
  23  2:23  Hatchery  
  23  2:25  Drone  
  23  2:32  Drone  
  24  2:40  Overlord  
  24  2:43  Overlord  
  24  2:46  Drone x2  
  26  2:52  Overlord  
  26  2:59  Queen  
  26  3:04  Drone  
  26  3:05  Drone  
  30  3:06  Drone  
  31  3:13  Queen  
  31  3:16  Drone  
  31  3:17  Drone  
  31  3:43  Drone x3  
  31  3:46  Drone  
  31  3:47  Extractor  
  31  3:48  Drone x3  
  35  3:49  Drone x6  
  43  3:56  Queen  
  43  3:58  Drone  
  46  4:08  Extractor  
  46  4:09  Spine Crawler  
  42  4:24  Extractor  
  39  4:37  Drone  
  38  4:39  Drone x3  
  38  4:40  Lair  
  41  4:47  Drone x7  
  41  4:48  Drone x6  
  54  5:00  Drone  
  54  5:01  Drone  
  54  5:02  Overlord  
  54  5:03  Overlord  
  54  5:05  Overlord  
  56  5:19  Roach Warren  
  56  5:20  Drone  
  56  5:21  Drone  
  57  5:24  Queen  
  57  5:26  Zergling x2  
  57  5:27  Zergling x20  
  70  5:29  Metabolic Boost  
  70  5:34  Drone x2  
  72  5:35  Drone  
  73  5:43  Spine Crawler  
  73  5:44  Spore Crawler  
  73  5:46  Spine Crawler  
  73  5:48  Spore Crawler  
  60  6:14  Drone x2  
  62  6:19  Glial Reconstitution  
  62  6:22  Burrow  
  62  6:24  Drone x3  
  62  6:25  Drone x3  
  67  6:26  Drone x3  
  71  6:38  Drone x2, Extractor  
  71  6:39  Drone x2  
  75  6:40  Drone x4  
  75  6:41  Drone, Hatchery  
  75  6:44  Spine Crawler  
  75  6:45  Spore Crawler x2, Drone x3  
  78  6:51  Drone  
  78  6:52  Drone x2, Extractor  
  80  6:55  Overlord  
  80  6:56  Overlord x2  
  80  7:00  Overlord  
  80  7:19  Spire  
  78  7:37  Tunneling Claws  
  75  7:48  Hatchery  
  74  7:59  Roach x18  
  110  8:33  Zerg Flyer Weapons Level 1, Overlord x4  
  110  8:34  Overlord x3  
  110  8:49  Hatchery  
  97  9:03  Roach x4  
  97  9:04  Roach x7  
  97  9:05  Roach  
  97  9:06  Roach  
  97  9:07  Roach x14  
  127  9:15  Spore Crawler  
  126  9:25  Spore Crawler x2  
  126  9:26  Spore Crawler  
  113  10:01  Overlord x2  
  113  10:02  Overlord x6  
  113  10:03  Overlord x6  
  113  10:12  Drone x2  
  113  10:13  Drone x5  
  118  10:27  Zerg Flyer Armor Level 1  
  118  10:29  Drone  
  118  10:30  Drone x2, Queen  
  118  10:32  Infestation Pit  
  122  10:44  Extractor  
  122  10:45  Extractor  
  122  10:46  Drone x3  
  122  10:47  Drone x3  
  126  10:50  Hatchery  
  125  10:58  Spore Crawler  
  125  10:59  Spore Crawler  
  125  11:03  Hatchery  
  122  11:04  Extractor  
  122  11:05  Extractor  
  122  11:09  Hive  
  120  11:12  Drone x3  
  120  11:13  Drone x3  
  126  11:26  Mutalisk x18  
  126  11:27  Extractor x2, Mutalisk x5  
  170  11:41  Drone  
  170  11:42  Drone x5  
  170  11:44  Drone x3  
  170  11:46  Drone  
  180  11:47  Drone x5  
  180  11:49  Drone  
  180  11:51  Drone x2  
  188  12:02  Mutalisk x4  
  188  12:08  Drone x3  
  199  12:10  Drone  
  200  12:27  Roach x17  
  200  12:43  Adrenal Glands  
  158  12:59  Zergling x2  
  158  13:00  Zergling x18  
  157  13:13  Zergling x2  
  157  13:14  Zergling x48  
  171  13:34  Mutalisk x2  
  171  13:35  Mutalisk x12  
  166  14:01  Zergling x6  
  166  14:02  Zergling x56  
  186  14:07  Baneling Nest  
  185  14:17  Zerg Flyer Weapons Level 2  
  185  14:22  Spire  
  174  14:49  Zergling x2  
  174  14:50  Zergling x22  
  158  15:06  Zergling x22  
  158  15:07  Zergling x16  
  142  15:26  Centrifical Hooks  
  142  15:35  Evolution Chamber, Mutalisk x16  
  144  15:36  Evolution Chamber, Mutalisk x7  
  144  15:37  Evolution Chamber  
  185  15:42  Baneling  
  185  15:43  Baneling x18  
  185  15:44  Baneling x2  
  185  15:46  Baneling x3  
  185  15:47  Baneling x2  
  133  16:48  Zergling x2  
  133  16:49  Zergling x42  
  146  17:13  Hatchery  
  119  17:23  Baneling x4  
  119  17:24  Baneling x24  
  99  17:33  Zergling x2  
  99  17:34  Zergling x28  
Show
View Real Time Build Order
Export as new Build Order

ViBE Protoss - Winner!

Build Orders: 1 Gate Expand, Carriers 

Get SALT Encoding   

  12  0:01  Probe  
  13  0:13  Probe  
  14  0:21  Pylon  
  14  0:25  Probe  
  15  0:40  Gateway  
  15  0:42  Probe (Chrono Boost)  
  16  0:46  Assimilator  
  16  0:52  Probe (Chrono Boost)  
  17  0:57  Probe (Chrono Boost)  
  18  1:08  Probe  
  19  1:20  Probe  
  20  1:31  Nexus  
  20  1:32  Probe  
  21  1:44  Probe, Cybernetics Core  
  22  1:50  Pylon  
  22  1:56  Probe  
  23  2:08  Probe  
  24  2:18  Assimilator  
  24  2:21  Probe  
  24  2:22  Adept  
  27  2:26  Warp Gate  
  27  2:29  Pylon  
  27  2:33  Probe (Chrono Boost)  
  28  2:42  Gateway  
  29  2:44  Probe (Chrono Boost)  
  29  2:47  Probe (Chrono Boost)  
  29  2:50  Probe (Chrono Boost)  
  31  2:52  Adept  
  31  2:56  Probe (Chrono Boost)  
  34  3:02  Probe x2 (Chrono Boost)  
  36  3:08  Stargate  
  36  3:09  Probe  
  36  3:11  Probe  
  38  3:14  Assimilator  
  38  3:22  Probe  
  38  3:23  Probe  
  40  3:34  Probe  
  41  3:35  Probe  
  40  3:42  Adept x2  
  40  3:46  Probe  
  40  3:47  Probe  
  46  3:51  Assimilator  
  46  3:53  Pylon  
  46  3:58  Probe  
  46  3:59  Probe  
  46  4:00  Void Ray  
  52  4:10  Probe  
  52  4:11  Probe  
  52  4:16  Pylon  
  54  4:18  Pylon  
  54  4:20  Pylon  
  54  4:22  Probe  
  54  4:23  Probe  
  56  4:38  Probe  
  56  4:39  Probe  
  56  4:41  Adept x2  
  60  4:45  Void Ray  
  60  4:48  Nexus  
  60  4:50  Pylon  
  64  4:57  Forge  
  64  5:00  Stargate  
  64  5:04  Probe  
  64  5:05  Probe  
  66  5:10  Protoss Air Weapons Level 1  
  66  5:15  Assimilator  
  66  5:16  Probe  
  66  5:17  Assimilator, Probe  
  68  5:29  Protoss Shields Level 1 (Chrono Boost), Probe (Chrono Boost)  
  68  5:30  Probe (Chrono Boost)  
  70  5:38  Probe (Chrono Boost)  
  70  5:39  Probe (Chrono Boost)  
  72  5:43  Probe x2 (Chrono Boost)  
  72  5:44  Void Ray  
  72  5:47  Nexus  
  78  5:55  Probe  
  79  6:01  Probe x2  
  79  6:07  Probe  
  79  6:09  Void Ray (Chrono Boost)  
  82  6:13  Probe x2  
  82  6:15  Pylon  
  80  6:18  Pylon  
  80  6:19  Probe  
  81  6:28  Void Ray (Chrono Boost)  
  81  6:30  Probe x2  
  81  6:31  Pylon  
  87  6:43  Photon Cannon  
  87  6:45  Void Ray (Chrono Boost), Photon Cannon  
  91  6:47  Photon Cannon  
  91  6:49  Shield Battery  
  91  6:55  Photon Cannon  
  91  6:56  Probe x2  
  91  6:57  Probe  
  91  6:58  Photon Cannon  
  91  6:59  Probe  
  95  7:02  Photon Cannon  
  95  7:03  Shield Battery  
  95  7:06  Shield Battery  
  95  7:08  Probe  
  95  7:09  Probe x2  
  95  7:13  Fleet Beacon  
  98  7:19  Probe  
  98  7:20  Probe  
  98  7:21  Probe x2  
  102  7:25  Assimilator  
  102  7:27  Assimilator  
  102  7:30  Adept x2  
  102  7:31  Probe  
  102  7:33  Twilight Council  
  102  7:36  Stargate  
  107  7:40  Probe x3  
  110  7:46  Probe  
  110  7:48  Void Ray  
  110  7:49  Void Ray  
  119  7:52  Probe x2  
  121  8:07  Robotics Facility  
  121  8:15  Protoss Air Weapons Level 2 (Chrono Boost)  
  121  8:16  Carrier x2  
  121  8:17  Carrier  
  121  8:24  Probe  
  122  8:34  Mothership (Chrono Boost)  
  148  8:45  Nexus  
  148  8:46  Photon Cannon  
  148  8:48  Pylon  
  148  8:51  Pylon  
  148  9:00  Photon Cannon  
  148  9:02  Photon Cannon  
  145  9:03  Photon Cannon  
  145  9:05  Protoss Shields Level 2 (Chrono Boost), Photon Cannon  
  145  9:08  Shield Battery  
  145  9:09  Shield Battery  
  145  9:11  Pylon  
  145  9:12  Shield Battery  
  145  9:14  Templar Archives  
  145  9:18  Observer  
  146  9:28  Photon Cannon  
  146  9:30  Photon Cannon  
  146  9:33  Photon Cannon  
  146  9:36  Carrier x3 (Chrono Boost)  
  164  9:48  Nexus  
  164  9:56  Photon Cannon  
  164  9:58  Photon Cannon  
  164  10:00  Photon Cannon  
  164  10:02  Photon Cannon  
  164  10:04  Photon Cannon  
  164  10:05  Photon Cannon  
  164  10:09  Photon Cannon  
  164  10:11  Shield Battery  
  164  10:14  Shield Battery  
  164  10:17  Shield Battery  
  164  10:19  Protoss Air Weapons Level 3 (Chrono Boost)  
  164  10:21  Photon Cannon  
  164  10:24  Shield Battery, Observer  
  165  10:35  Pylon, Carrier (Chrono Boost)  
  171  10:37  Pylon  
  171  10:40  Pylon  
  171  10:44  Pylon  
  171  10:45  Observer  
  172  10:54  Carrier (Chrono Boost)  
  172  10:55  Carrier (Chrono Boost)  
  184  11:01  Pylon  
  184  11:05  Charge  
  184  11:09  Assimilator  
  184  11:12  Assimilator  
  184  11:18  Pylon  
  184  11:23  Protoss Shields Level 3 (Chrono Boost)  
  184  11:26  Stargate  
  184  11:28  Stargate  
  184  11:30  Stargate  
  184  11:32  Gateway  
  184  11:34  Gateway  
  184  11:36  Gateway  
  184  11:38  Gateway  
  184  11:40  Gateway  
  184  11:42  Gateway  
  184  11:44  Gateway  
  184  11:46  Gateway  
  184  11:48  Gateway  
  184  11:49  Gateway  
  184  11:50  Carrier (Chrono Boost)  
  184  11:51  Gateway  
  184  11:53  Gateway  
  196  11:57  Gateway  
  196  12:00  Gateway  
  196  12:01  Carrier (Chrono Boost)  
  196  12:13  Unknown  
  196  12:35  Nexus  
  196  12:39  Pylon  
  196  12:44  Pylon  
  196  12:54  Nexus  
  196  12:57  Pylon  
  196  13:17  Photon Cannon  
  194  13:20  Photon Cannon  
  194  13:24  Photon Cannon  
  194  13:26  Photon Cannon  
  192  13:27  Photon Cannon  
  192  13:29  Photon Cannon  
  192  13:30  Photon Cannon  
  192  13:31  Photon Cannon  
  192  13:33  Photon Cannon x2  
  192  13:35  Shield Battery, Photon Cannon  
  192  13:37  Photon Cannon  
  192  13:38  Shield Battery  
  192  13:39  Photon Cannon  
  191  13:43  Shield Battery, Photon Cannon  
  191  13:44  Shield Battery  
  191  13:46  Shield Battery  
  191  13:47  Shield Battery  
  191  13:51  Shield Battery  
  191  13:53  Shield Battery  
  191  13:54  Shield Battery  
  191  14:01  Photon Cannon x2  
  191  14:03  Photon Cannon  
  191  14:04  Nexus  
  191  14:07  Photon Cannon  
  191  14:09  Photon Cannon  
  191  14:11  Photon Cannon  
  191  14:18  Pylon  
  191  14:21  Pylon  
  191  14:32  Photon Cannon  
  191  14:33  Photon Cannon  
  191  14:36  Photon Cannon  
  191  14:38  Photon Cannon  
  191  14:40  Photon Cannon  
  191  14:41  Photon Cannon  
  191  14:43  Photon Cannon  
  191  14:44  Shield Battery  
  191  14:49  Photon Cannon  
  191  14:50  Photon Cannon  
  183  14:53  Photon Cannon  
  183  14:54  Photon Cannon  
  183  14:55  Probe x2  
  183  14:56  Probe x3, Photon Cannon  
  183  14:59  Photon Cannon  
  182  15:01  Photon Cannon  
  182  15:04  Shield Battery  
  182  15:05  Shield Battery  
  182  15:07  Shield Battery, Probe  
  182  15:10  Shield Battery  
  183  15:16  Shield Battery  
  183  15:18  Protoss Ground Weapons Level 1 (Chrono Boost)  
  183  15:28  Photon Cannon  
  183  15:30  Photon Cannon  
  183  15:31  Shield Battery  
  183  15:34  Protoss Air Armor Level 1 (Chrono Boost)  
  183  15:43  Carrier  
  183  15:44  Carrier  
  183  15:45  Probe x4  
  183  15:46  Probe  
  192  16:57  Nexus  
  192  17:00  Pylon  
  192  17:03  Pylon  
  192  17:05  Pylon  
  192  17:08  Pylon  
  192  17:12  Pylon  
  191  17:51  Photon Cannon x2  
  191  17:53  Photon Cannon  
  191  18:03  Nexus  
  191  18:06  Pylon  
  191  18:08  Nexus  
  191  18:09  Pylon  
  191  18:10  Pylon  
  191  18:11  Pylon  
  191  18:12  Pylon  
Tags
 
Add a new tag
Caveats
  • Supply blocks, unpowered buildings, or Contaminate may cause inaccurate times.
  • Supply counts are checked every 10 seconds.